 Dungeon Crawl Stone Soup version 0.32-a0-520-g344ed53f66 (webtiles) character file.

Game seed: 14071256251411516996

75354 zenocrate the Severer (level 15, -2/130 HPs)
             Began as a Minotaur Chaos Knight on Feb 27, 2024.
             Was a Plaything of Xom.
             Incinerated by a sun moth (8 damage)
             ... with a flurry of pyrophoric scales
             ... on level 1 of the Spider Nest.
             The game lasted 00:51:10 (26913 turns).

zenocrate the Severer (Minotaur Chaos Knight)      Turns: 26913, Time: 00:51:11

Health: -2/130     AC: 19    Str: 15 (21) XL:     15   Next: 9%
Magic:  14/14      EV: 36    Int:  4 (5)  God:    Xom [..*...]
Gold:   361        SH:  0    Dex:  7 (9)  Spells: 12/14 levels left

rFire   + . .        b - +0 war axe
rCold   + + .        U - +1 buckler {reflect}
rNeg    + . .        x - +2 scale mail {rPois}
rPois   +            (helmet restricted)
rElec   .            C - +2 cloak of the Thief {*Fog Slay-2 SInv Stlth+}
rCorr   .            u - +0 pair of gloves
SInv    +            m - +1 pair of boots
Will    +....        e - amulet "Ywkephuw" {Acrobat rF+ rC+ rN+ Int-4} Stlth
                     c - +5 ring of evasion
HPRegen 0.41/turn    h - +5 ring of evasion
MPRegen 0.14/turn

%: random rage (3%), reflection, acrobat
@: confused, on fire, ambrosia-drunk, acrobatic, glowing, studying 2 skills
A: horns 2, retaliatory headbutt, berserk 1, clumsy 1, cold resistance 1,
deterioration 1, inhibited regeneration, weak 1, inability to drink after injury
1, devolution 1
a: Renounce Religion


You were on level 1 of the Spider Nest.
You worshipped Xom.
You were a toy of Xom.
You visited 5 branches of the dungeon, and saw 21 of its levels.
You also visited: Sewer and Gauntlet.

You collected 2249 gold pieces.
You spent 1888 gold pieces at shops.

Inventory:

Hand Weapons
 a - a +1 eveningstar of protection
 b - a +0 war axe (weapon)
Missiles
 n - 18 boomerangs (quivered)
 q - 15 javelins
 r - 6 silver javelins
 H - a throwing net
Armour
 m - a +1 pair of boots (worn)
 u - a +0 pair of gloves (worn)
 x - a +2 scale mail of poison resistance (worn)
 C - the +2 cloak of the Thief (worn) {*Fog Slay-2 SInv Stlth+}
   (You bought it in a shop on level 2 of the Orcish Mines)

   *Fog:      It may release a thick cloud of smoke when the wearer is hurt.
   Slay-2:    It affects your accuracy & damage with ranged weapons and melee
   (-2).
   SInv:      It lets you see invisible.
   Stlth+:    It makes you more stealthy.
 U - a +1 buckler of reflection (worn)
Jewellery
 c - a +5 ring of evasion (left hand)
 d - the ring of Bahoh {Will- MP+9 Int+4 SInv Stlth+}
   (You found it on level 5 of the Lair of Beasts)

   [ring of see invisible]

   Int+4:     It affects your intelligence (+4).
   Will-:     It decreases your willpower.
   MP+9:      It affects your magic capacity (+9).
   SInv:      It lets you see invisible.
   Stlth+:    It makes you more stealthy.
 e - the amulet "Ywkephuw" (around neck) {Acrobat rF+ rC+ rN+ Int-4}
   (You found it in a Gauntlet)

   [amulet of the acrobat]

   Acrobat:   It increases your evasion while moving and waiting.
   Int-4:     It affects your intelligence (-4).
   rF+:       It protects you from fire.
   rC+:       It protects you from cold.
   rN+:       It protects you from negative energy.
 h - a +5 ring of evasion (right hand)
 y - a ring of protection from cold
 E - a ring of positive energy
 O - a ring of protection from fire
 T - the ring of Vetwane {Str+5 SInv}
   (You found it in a Gauntlet)

   [ring of see invisible]

   Str+5:     It affects your strength (+5).
   SInv:      It lets you see invisible.
 Y - a ring of resist corrosion
Wands
 g - a wand of charming (13)
 A - a wand of warping (7)
 F - a wand of flame (26)
 P - a wand of mindburst (3)
Scrolls
 w - a scroll of revelation
 D - 2 scrolls of acquirement {unknown}
 G - a scroll of vulnerability {unknown}
 J - a scroll of poison
 K - 4 scrolls of blinking
 L - a scroll of silence
 Q - a scroll of teleportation
Potions
 i - a potion of enlightenment
 j - 3 potions of magic
 k - 3 potions of cancellation
 l - a potion of haste
 o - 3 potions of attraction
 p - 2 potions of resistance
 s - 2 potions of might
 t - 6 potions of brilliance
 v - a potion of heal wounds
 N - 4 potions of lignification
 R - a potion of ambrosia
Miscellaneous
 W - a phantom mirror
 Z - a phial of floods


   Skills:
 + Level 11.5 Fighting
 * Level 19.6 Axes
 + Level 8.1 Throwing
 + Level 13.1 Armour
 + Level 9.2 Dodging
 + Level 9.0 Shields
 + Level 9.3 Evocations


You had 12 spell levels left.
You knew the following spells:

 Your Spells              Type           Power      Damage    Failure   Level
x - Blink                 Tloc           0%         N/A       96%         2

Your spell library contained the following spells:

 Spells                   Type           Power      Damage    Failure   Level
 Slow                     Hex            0%         N/A       89%         1
 Call Imp                 Summ           0%         N/A       96%         2
 Lesser Beckoning         Tloc           0%         N/A       96%         2
 Mercury Vapours          Alch/Air       0%         N/A       96%         2
 Momentum Strike          Conj/Tloc      0%         3d8       96%         2
 Static Discharge         Conj/Air       0%         3-3/arc   96%         2
 Sublimation of Blood     Necr           0%         N/A       96%         2
 Confusing Touch          Hex            0%         N/A       99%         3
 Dazzling Flash           Conj/Hex       0%         N/A       99%         3
 Frozen Ramparts          Ice            0%         1d1       99%         3
 Gell's Gravitas          Tloc           0%         N/A       99%         3
 Mephitic Cloud           Conj/Alch/Air  0%         N/A       99%         3
 Sigil of Binding         Hex            0%         N/A       99%         3
 Summon Ice Beast         Ice/Summ       0%         N/A       99%         3
 Teleport Other           Tloc           0%         N/A       99%         3
 Vampiric Draining        Necr           0%         2d6       99%         3
 Volatile Blastmotes      Fire/Tloc      0%         2d10      99%         3
 Airstrike                Air            0%         2d(0-16)  100%        4
 Animate Armour           Summ/Erth      0%         N/A       100%        4
 Leda's Liquefaction      Alch/Erth      0%         N/A       100%        4
 Manifold Assault         Tloc           0%         N/A       100%        4
 Petrify                  Alch/Erth      0%         N/A       100%        4
 Summon Lightning Spire   Summ/Air       0%         N/A       100%        4
 Freezing Cloud           Conj/Ice/Air   0%         6-21      100%        5
 Irradiate                Conj/Alch      0%         3d11      100%        5
 Lee's Rapid Deconstruct  Erth           0%         3d4*      100%        5
 Metabolic Englaciation   Hex/Ice        0%         N/A       100%        5
 Summon Mana Viper        Hex/Summ       0%         N/A       100%        5
 Dispersal                Tloc           0%         N/A       100%        6
 Starburst                Conj/Fire      0%         6d3       100%        6
 Monstrous Menagerie      Summ           0%         N/A       100%        7
 Summon Hydra             Summ           0%         N/A       100%        7
 Disjunction              Tloc           0%         N/A       100%        8
 Maxwell's Capacitive Co  Air            0%         ∞         100%        8


Dungeon Overview and Level Annotations

Branches:
Dungeon (12/15)            Temple (1/1) D:6            Lair (5/5) D:10
 Shoals (0/4) Lair:3       Spider (1/4) Lair:3        Slime (0/5) Lair:4
    Orc (2/2) D:12            Elf (0/3) Orc:2         Sewer (visited)
Gauntlet (visited)

Altars:
Ashenzari
Cheibriados
Dithmenos
Elyvilon
Fedhas
Gozag
Hepliaklqana
Kikubaaqudgha
Makhleb
Nemelex Xobeh
Okawaru
Qazlal
Ru
Sif Muna
Trog
Uskayaw
Vehumet
Wu Jian
Xom
Yredelemnul
Zin
The Shining One
Beogh

Shops:
D:9 :   D:11 =   Orc:2 *[(:

Annotations:
Lair:4 2 transporters, Bikan's ghost, journeyman CoFi


Innate Abilities, Weirdness & Mutations

You have a pair of horns on your head.
You reflexively headbutt those who attack you in melee.
You sometimes lose your temper in combat.
You are clumsy. (Dex -2)
Your flesh is cold resistant. (rC+)
Your body sometimes deteriorates upon taking damage.
You do not regenerate when monsters are visible.
You are weak. (Str -2)
You occasionally lose the ability to drink potions when taking damage.
You have hidden genetic defects.


Message History

The sun moth bites you but does no damage.
Unknown command.
You barely miss the sun moth. You headbutt the sun moth!
The sun moth is almost dead.
You hit the jumping spider. The liquid fire burns you!
* * * LOW HITPOINT WARNING * * *
The sun moth burns!
The sun moth's wings beat fiercely.
The flurry of pyrophoric scales hits you.
You are even more covered in intense liquid fire!
The jumping spider completely misses you.
You furiously retaliate!
You headbutt the jumping spider!
The jumping spider bites you but does no damage.
You slash the sun moth!
You kill the sun moth!
You hit the jumping spider but do no damage.
The liquid fire burns you!
* * * LOW HITPOINT WARNING * * *
You block the jumping spider's attack.
The jumping spider bites you but does no damage.
You slash the jumping spider!
You kill the jumping spider!
The liquid fire burns you!
* * * LOW HITPOINT WARNING * * *
Unknown command.
You shake off some of the fire as you move.
The liquid fire burns you!
* * * LOW HITPOINT WARNING * * *
You see here a culicivora corpse.
Unknown command.
You shake off some of the fire as you move.
The liquid fire burns you!
* * * LOW HITPOINT WARNING * * *
Unknown command.
Okay, then.
You are confused.
You feel invigorated. The liquid fire burns you!
You die...

############
##.#..#..#..#
......#.<#..#
........^...#..###
...........##..#^#.
..........@#..(....
......§§.§§#.......
##....§.§§§#.......
##...§.§§§#.......
####..§§§§.......
#...§§§†......
####..§.......
#.....^....
#..........


There were no monsters in sight!

Vanquished Creatures
  A balrug (Gauntlet)
  An orc warlord (Orc:1)
  Josephine (D:10)
  An entropy weaver (Gauntlet)
  Fannar (D:10)
  4 hydras (Lair:5)
  3 catoblepae (Lair:5)
  Erica (Orc:1)
  2 boulder beetles (Lair:4)
  2 two-headed ogres
  7 death yaks
  Sonja (Lair:3)
  Urug (Lair:3)
  Nergalle (D:10)
  A sixfirhy (Gauntlet)
  A fire crab (Lair:1)
  An orb spider (Lair:3)
  A sun moth (Spider:1)
  2 lindwurms (Lair:5)
  5 orc knights
  3 wolf spiders
  4 orc sorcerers (Orc:2)
  Pikel (D:9)
  2 cyclopes
  2 manticores (Lair:5)
  10 elephants
  4 kobold blastminers
  A merfolk siren (Lair:3)
  A moth of wrath (Spider:1)
  3 black mambas
  A guardian serpent (D:10)
  Joseph (D:9)
  A gargoyle (D:12)
  13 cane toads
  2 torpor snails
  3 rime drakes (Lair:5)
  14 komodo dragons
  7 trolls
  2 hornets (Lair:5)
  12 blink frogs
  9 dream sheep (Lair:5)
  6 slime creatures
  3 jumping spiders
  5 culicivoras
  34 yaks
  6 wraiths
  5 wyverns
  5 wargs
  6 basilisks
  2 redbacks
  4 vampire mosquitoes (D:12)
  A naga (D:12)
  An acid dragon (D:12)
  A hell hound (Gauntlet)
  14 water moccasins
  Duvessa (D:4)
  2 ice beasts
  26 orc warriors
  2 sky beasts
  2 black bears
  27 wolves
  5 centaurs
  9 ogres
  Blork the orc (D:4)
  3 kobold brigands
  4 lemures (D:9)
  10 bullfrogs
  2 scorpions (D:5)
  3 wights (D:8)
  Dowan (D:4)
  4 killer bees (D:9)
  An oklob sapling (D:6)
  2 bombardier beetles
  7 electric eels
  8 howler monkeys
  A crimson imp (D:5)
  2 lava snakes (Lair:5)
  2 quasits (Sewer)
  2 jellies
  18 orc priests
  7 hounds
  A sleepcap (D:6)
  8 iguanas
  21 orc wizards
  5 hell rats
  Robin (D:4)
  8 gnolls
  3 adders
  3 shadow imps
  4 white imps
  7 ufetubi
  3 ribbon worms
  3 dart slugs (D:3)
  74 orcs
  15 endoplasms
  13 giant cockroaches
  12 hobgoblins
  7 jackals
  25 kobolds
  4 quokkas
  9 ball pythons
  5 bats
  2 frilled lizards
  15 goblins
  5 rats
632 creatures vanquished.

Vanquished Creatures (collateral kills)
  A minotaur (Gauntlet)
  2 orc high priests (Orc:2)
  2 orc sorcerers (Orc:2)
  2 wargs (Orc:2)
  5 orc warriors (Orc:2)
  4 orc priests (Orc:2)
  4 orc wizards (Orc:2)
  A gnoll (D:6)
  5 orcs (Orc:2)
26 creatures vanquished.

Vanquished Creatures (others)
  A hydra (Lair:3)
  A death yak (Lair:5)
  A komodo dragon (Lair:3)
  Grinder (Sewer)
  A basilisk (Lair:5)
  An orc priest (Orc:2)
  A gnoll bouda (D:6)
  An orc (Orc:2)
  2 endoplasms (Sewer)
10 creatures vanquished.

Grand Total: 668 creatures vanquished

Notes
Turn   | Place    | Note
-------+----------+-------------------------------------------
     0 | D:1      | zenocrate the Minotaur Chaos Knight began the quest for the
                  | Orb.
     0 | D:1      | Reached XP level 1. HP: 19/19 MP: 0/0
   114 | D:1      | Found a faded altar of an unknown god.
   119 | D:1      | Reached skill level 4 in Axes
   198 | D:1      | Reached XP level 2. HP: 26/26 MP: 1/1
   290 | D:1      | XOM: silly message
   556 | D:2      | Reached skill level 5 in Axes
   665 | D:2      | Reached XP level 3. HP: 30/31 MP: 2/2
   698 | D:2      | XOM: silly message
   789 | D:2      | XOM: silly message
  1133 | D:2      | XOM: divination: detect items
  1359 | D:3      | Reached XP level 4. HP: 35/39 MP: 3/3
  1360 | D:3      | Reached skill level 6 in Axes
  1477 | D:3      | XOM: divination: magic mapping
  1769 | D:3      | Reached XP level 5. HP: 45/45 MP: 4/4
  1791 | D:4      | Reached skill level 7 in Axes
  1846 | D:4      | You fall into a shaft and drop 3 floors!
  1933 | D:6      | XOM: butterfly on damage
  1951 | D:6      | Noticed a sky beast
  1951 | D:6      | Noticed a centaur
  1963 | D:6      | Reached skill level 8 in Axes
  1979 | D:6      | Noticed an ice beast
  1982 | D:6      | Reached XP level 6. HP: 10/51 MP: 5/5
  1990 | D:6      | Killed an ice beast
  2107 | D:6      | XOM: potion effect (might)
  2113 | D:6      | Killed a sky beast
  2114 | D:6      | Reached skill level 9 in Axes
  2161 | D:6      | Found a staircase to the Ecumenical Temple.
  2168 | D:6      | Reached XP level 7. HP: 47/57 MP: 6/6
  2230 | D:6      | XOM: cloud trail
  2335 | D:6      | XOM: potion effect (haste)
  2341 | Temple   | Entered the Ecumenical Temple
  2391 | D:5      | Entered Level 5 of the Dungeon
  2492 | D:5      | Reached skill level 10 in Axes
  2759 | D:5      | XOM: cloud trail
  2761 | D:5      | Found a glowing drain.
  2778 | Sewer    | Entered a sewer
  2835 | Sewer    | XOM: smoke on damage
  2863 | Sewer    | XOM: scenery: 1 doors open
  2918 | Sewer    | Found a burning altar of Makhleb.
  2977 | Sewer    | Noticed Grinder
  2985 | Sewer    | XOM: cast spell 'Fugue of the Fallen'
  2989 | Sewer    | Reached skill level 5 in Armour
  2993 | Sewer    | XOM: blink monster(s)
  2999 | Sewer    | Killed Grinder
  3000 | Sewer    | Reached XP level 8. HP: 45/64 MP: 7/7
  3053 | Sewer    | XOM: cloud trail
  3378 | D:5      | Reached skill level 11 in Axes
  3488 | D:5      | XOM: give mutations
  3488 | D:5      | Gained mutation: You are robust. (+10% HP) [Xom's grace]
  3488 | D:5      | Gained mutation: You are partially covered in iridescent
                  | scales. (AC +2) [Xom's grace]
  3488 | D:5      | Gained mutation: Your flesh is heat resistant. (rF+) [Xom's
                  | grace]
  3488 | D:5      | Gained mutation: You have large cloven feet. [Xom's grace]
  3636 | D:4      | Found a white marble altar of Elyvilon.
  3698 | D:4      | Noticed Blork the orc
  3707 | D:4      | Killed Blork the orc
  3738 | D:4      | Noticed Robin
  3762 | D:4      | Noticed Duvessa
  3767 | D:4      | Noticed Dowan
  3770 | D:4      | Killed Robin
  3782 | D:4      | Killed Duvessa
  3786 | D:4      | Killed Dowan
  3826 | D:4      | Found a burning altar of Makhleb.
  4660 | D:6      | Reached skill level 12 in Axes
  4696 | D:6      | Reached XP level 9. HP: 47/77 MP: 8/8
  4843 | D:6      | XOM: stat loss: -1 Str (26/27)
  5064 | D:7      | Found an ornate altar of the Wu Jian Council.
  5116 | D:7      | Noticed Maggie
  5122 | D:7      | XOM: enchant monster (bad)
  5124 | D:7      | Maggie changed into Maggie the komodo dragon
  5124 | D:7      | Noticed Maggie
  5124 | D:7      | XOM: polymorph Maggie -> Maggie the komodo dragon
  5131 | D:7      | Killed Maggie the komodo dragon
  5435 | D:7      | XOM: enchant monster (bad)
  5439 | D:7      | Reached skill level 1 in Throwing
  5500 | D:7      | XOM: 6-stop teleportation journey
  5732 | D:7      | Found a radiant altar of Vehumet.
  5841 | D:8      | Reached skill level 13 in Axes
  5889 | D:8      | XOM: swap monsters
  5950 | D:8      | XOM: potion effect (brilliance)
  6361 | D:8      | XOM: chaos upgrade
  6628 | D:9      | Noticed Pikel
  6628 | D:9      | XOM: 3-stop teleportation journey
  6659 | D:9      | Noticed Joseph
  6680 | D:9      | Killed Joseph
  6681 | D:9      | Reached skill level 14 in Axes
  6681 | D:9      | Reached XP level 10. HP: 40/84 MP: 9/9
  6846 | D:9      | XOM: summons 10 friendly demons
  6886 | D:9      | Found a glowing silver altar of Zin.
  7086 | D:9      | Killed Pikel
  7087 | D:9      | Reached skill level 1 in Evocations
  7125 | D:9      | Found Egibb's Self-Improvement Boutique.
  7248 | D:9      | XOM: cast spell 'Alistair's Intoxication'
  7250 | D:9      | XOM: enchant monster (good)
  7357 | D:10     | Entered Level 10 of the Dungeon
  7446 | D:10     | Found a staircase to the Lair.
  7456 | D:10     | XOM: divination: detect items
  7461 | D:10     | a yak changed into a guardian serpent
  7461 | D:10     | Noticed a guardian serpent
  7461 | D:10     | XOM: polymorph yak -> guardian serpent
  7465 | D:10     | Killed a guardian serpent
  7466 | D:10     | Reached skill level 15 in Axes
  7623 | D:10     | XOM is BORED!
  7623 | D:10     | XOM: give mutations
  7623 | D:10     | Gained mutation: You occasionally lose the ability to drink
                  | potions when taking damage. [Xom's mischief]
  7623 | D:10     | Lost mutation: You are partially covered in iridescent
                  | scales. (AC +2) [Xom's mischief]
  7623 | D:10     | Gained mutation: Your mind is acute. (Int +4, Str/Dex -1)
                  | [Xom's mischief]
  7623 | D:10     | Gained mutation: Your body sometimes deteriorates upon
                  | taking damage. [Xom's mischief]
  7664 | D:10     | Reached skill level 5 in Fighting
  7691 | D:10     | XOM: potion effect (invisibility)
  7705 | D:10     | XOM: noise
  7710 | D:10     | Noticed Fannar
  7713 | D:10     | XOM: swap monsters
  7739 | D:10     | Killed Fannar
  7811 | D:10     | Noticed Josephine
  7826 | D:10     | Killed Josephine
  7827 | D:10     | Reached XP level 11. HP: 53/101 MP: 10/10
  8069 | D:10     | Found a basalt altar of Yredelemnul.
  8144 | D:10     | Found a sparkling altar of Nemelex Xobeh.
  8238 | D:10     | XOM: silly message
  8427 | D:10     | Noticed Nergalle
  8427 | D:10     | XOM: blink monster(s)
  8440 | D:10     | Killed Nergalle
  8441 | D:10     | Reached skill level 16 in Axes
  8823 | Lair:1   | Entered Level 1 of the Lair of Beasts
  8835 | Lair:1   | XOM: summons 11 friendly demons
  8845 | Lair:1   | Reached skill level 1 in Shields
  9121 | Lair:1   | XOM: 1-stop teleportation journey
  9215 | Lair:1   | XOM: divination: detect items
  9618 | Lair:1   | XOM: scenery: summon butterflies
  9765 | Lair:1   | XOM: summons 1 hostile shadow creature
  9775 | Lair:1   | a blink frog changed into a fire crab
  9775 | Lair:1   | Noticed a fire crab
  9775 | Lair:1   | XOM: polymorph blink frog -> fire crab
  9783 | Lair:1   | Killed a fire crab
  9815 | Lair:1   | Reached skill level 17 in Axes
 10052 | Lair:1   | XOM: swap monsters
 10145 | Lair:1   | Reached skill level 5 in Evocations
 10285 | Lair:1   | XOM: noise
 10326 | Lair:1   | XOM: scenery: create altars
 10605 | Lair:1   | XOM: silly message
 10804 | Lair:2   | XOM: divination: magic mapping
 10811 | Lair:2   | XOM: smoke on damage
 10817 | Lair:2   | XOM: divination: detect items
 10832 | Lair:2   | XOM: silly message
 10999 | Lair:2   | Reached XP level 12. HP: 93/111 MP: 11/11
 11083 | Lair:2   | XOM: cleaving
 11123 | Lair:2   | XOM: cleaving
 11124 | Lair:2   | XOM: summons 3 friendly demons
 11130 | Lair:2   | Reached skill level 5 in Dodging
 11162 | Lair:2   | XOM: potion effect (brilliance)
 11357 | Lair:2   | XOM: fog
 11375 | Lair:2   | Noticed a death yak
 11375 | Lair:2   | XOM: 5-stop teleportation journey
 11624 | Lair:2   | XOM: summons 12 friendly demons
 11665 | Lair:2   | Killed a death yak
 11976 | Lair:2   | XOM: 5-stop teleportation journey
 12122 | D:10     | XOM: 2-stop teleportation journey
 12270 | Lair:3   | Reached skill level 5 in Shields
 12374 | Lair:3   | Noticed Urug
 12378 | Lair:3   | XOM: cleaving
 12383 | Lair:3   | Killed Urug
 12436 | Lair:3   | Found a hole to the Spider Nest.
 12447 | Lair:3   | Reached skill level 10 in Armour
 12552 | Lair:3   | Noticed Sonja
 12568 | Lair:3   | Killed Sonja
 12758 | Lair:3   | XOM: summons friendly shadow imp
 12758 | Lair:3   | Noticed a four-headed hydra
 12772 | Lair:3   | Killed a four-headed hydra
 12772 | Lair:3   | XOM: divine lightning
 12853 | Lair:3   | Identified the +7 spear "Jicer" {flame, Str+3 Dex+3}
 12890 | Lair:3   | XOM: enchant monster (good)
 13032 | Lair:3   | Found a staircase to the Shoals.
 13223 | Lair:3   | XOM: cast spell 'Disjunction'
 13244 | Lair:3   | XOM: summons friendly shadow imp
 13246 | Lair:3   | Reached skill level 18 in Axes
 13249 | Lair:3   | Reached skill level 5 in Throwing
 13254 | Lair:3   | Reached XP level 13. HP: 56/122 MP: 12/12
 13497 | Lair:4   | Found a staircase to the Slime Pits.
 13511 | Lair:4   | XOM: potion effect (heal wounds)
 13526 | Lair:4   | XOM: noise
 13549 | Lair:4   | XOM: god gift: dart of dispersal
 13555 | Lair:4   | Identified the amulet of the Equinox {Reflect Will+ rCorr
                  | Dex+3 SH+5} (Xom gifted it to you on level 4 of the Lair of
                  | Beasts)
 13555 | Lair:4   | XOM: god gift: amulet of the Equinox {Reflect Will+ rCorr
                  | Dex+3 SH+5}
 13756 | Lair:4   | Found a gate leading to a gauntlet.
 13759 | Gauntlet | Entered a Gauntlet
 13759 | Gauntlet | Found a transporter.
 13759 | Gauntlet | Found a transporter.
 13776 | Gauntlet | Found a transporter.
 13780 | Gauntlet | Found a transporter.
 13783 | Gauntlet | Noticed a balrug
 13790 | Gauntlet | Found a transporter.
 13794 | Gauntlet | Found a transporter.
 13806 | Gauntlet | Found a transporter.
 13822 | Gauntlet | Found a large runed translucent door.
 13823 | Gauntlet | Found a large runed translucent door.
 13824 | Gauntlet | Found a large runed translucent door.
 13824 | Gauntlet | Found a large runed translucent door.
 13825 | Gauntlet | Found a runed translucent gate.
 13826 | Gauntlet | Found a large runed translucent door.
 13826 | Gauntlet | Found a large runed translucent door.
 13826 | Gauntlet | Found a runed translucent door.
 13827 | Gauntlet | Found a large runed translucent door.
 13828 | Gauntlet | Found a large runed translucent door.
 13846 | Gauntlet | XOM: give mutations
 13846 | Gauntlet | Lost mutation: You are robust. (+10% HP) [Xom's mischief]
 13846 | Gauntlet | Gained mutation: Your spells are a little easier to cast,
                  | but a little less powerful. [Xom's mischief]
 13846 | Gauntlet | Gained mutation: Your body often deteriorates upon taking
                  | damage. [Xom's mischief]
 13847 | Gauntlet | Found a transporter.
 13847 | Gauntlet | Found a transporter.
 13848 | Gauntlet | Found a transporter.
 13896 | Gauntlet | Found a transporter.
 13898 | Gauntlet | Found a large runed translucent door.
 13899 | Gauntlet | Found a large runed translucent door.
 13900 | Gauntlet | Found a large runed translucent door.
 13900 | Gauntlet | Found a large runed translucent door.
 13900 | Gauntlet | Found a runed translucent door.
 13901 | Gauntlet | Found a large runed translucent door.
 13902 | Gauntlet | Found a large runed translucent door.
 13903 | Gauntlet | Found a large runed translucent door.
 13903 | Gauntlet | Found a large runed translucent door.
 13904 | Gauntlet | Found a runed translucent gate.
 13904 | Gauntlet | Found a runed translucent gate.
 13906 | Gauntlet | Found a transporter.
 13938 | Gauntlet | XOM: torment (57/111 hp)
 14275 | Gauntlet | Killed a balrug
 14332 | Gauntlet | XOM: summons 1 hostile demon
 14394 | Gauntlet | Identified the amulet "Ywkephuw" {Acrobat rF+ rC+ rN+
                  | Int-4}
 14425 | Gauntlet | XOM: noise
 14540 | Gauntlet | Identified the ring of Vetwane {Str+5 SInv}
 14571 | Gauntlet | Noticed a minotaur
 14575 | Gauntlet | XOM: scenery: 1 doors close
 14579 | Gauntlet | XOM: confusion
 14584 | Gauntlet | Killed a minotaur
 14931 | Lair:4   | XOM: summons 7 hostile demons
 15116 | Lair:4   | Found a transporter.
 15119 | Lair:4   | Found a bloodstained altar of Trog.
 15119 | Lair:4   | Noticed Bikan's ghost (journeyman CoFi)
 15127 | Lair:4   | Found a transporter.
 15210 | Lair:4   | XOM: summons 3 hostile demons
 15292 | Lair:4   | XOM: 1-stop teleportation journey
 15572 | Lair:4   | Learned a level 2 spell: Blink
 15624 | Lair:4   | XOM is BORED!
 15641 | Lair:5   | Entered Level 5 of the Lair of Beasts
 15692 | Lair:5   | XOM: cast spell 'Cause Fear'
 16322 | Lair:5   | XOM: silly message
 16461 | Lair:5   | Reached skill level 10 in Fighting
 16509 | Lair:5   | XOM: cast spell 'Olgreb's Toxic Radiance'
 16515 | Lair:5   | XOM: enchant monster (good)
 16701 | Lair:5   | XOM: summons 3 friendly demons
 16704 | Lair:5   | XOM: torment (56/113 hp)
 17052 | Lair:4   | XOM: torment (35/113 hp)
 17128 | Lair:4   | XOM: noise
 17343 | Lair:4   | XOM: cloud trail
 17423 | Lair:5   | XOM: cleaving
 17446 | Lair:5   | XOM: summons 4 hostile shadow creatures
 17665 | Lair:5   | XOM: enchant monster (good)
 17673 | Lair:5   | XOM: blink monster(s)
 17686 | Lair:5   | XOM: divination: detect creatures
 17710 | Lair:5   | HP: 2/113 [death yak (21)]
 17712 | Lair:5   | Reached XP level 14. HP: 2/122 MP: 13/13
 17901 | Lair:5   | XOM: noise
 18091 | Lair:5   | XOM: confusion (+ monsters)
 18252 | Lair:5   | XOM: silly message
 18358 | Lair:5   | XOM: cast spell 'Alistair's Intoxication'
 18363 | Lair:5   | XOM: divination: detect creatures
 18518 | Lair:5   | XOM: noise
 18669 | Lair:5   | XOM: cloud trail
 18690 | Lair:5   | Identified the ring of Bahoh {Will- MP+9 Int+4 SInv Stlth+}
 18694 | Lair:5   | XOM: noise
 19163 | Lair:5   | XOM: give mutations
 19163 | Lair:5   | Gained mutation: Armour fits poorly on your strangely
                  | shaped body. [Xom's mischief]
 19163 | Lair:5   | Gained mutation: You are robust. (+10% HP) [Xom's mischief]
 19207 | Lair:5   | Lost mutation: You are robust. (+10% HP) [potion of
                  | mutation]
 19207 | Lair:5   | Lost mutation: Your flesh is heat resistant. (rF+) [potion
                  | of mutation]
 19208 | Lair:5   | Lost mutation: Your spells are a little easier to cast, but
                  | a little less powerful. [potion of mutation]
 19208 | Lair:5   | Lost mutation: Armour fits poorly on your strangely shaped
                  | body. [potion of mutation]
 19208 | Lair:5   | Lost mutation: You have large cloven feet. [potion of
                  | mutation]
 19208 | Lair:5   | Gained mutation: Your flesh is cold resistant. (rC+)
                  | [potion of mutation]
 19208 | Lair:5   | Gained mutation: You are weak. (Str -2) [potion of
                  | mutation]
 19466 | D:9      | Bought a manual of Axes for 1200 gold pieces
 19567 | D:11     | XOM: noise
 20462 | D:11     | XOM: god gift: 61 gold pieces
 20593 | D:11     | Found Eqosamesk's Jewellery Emporium.
 20665 | D:11     | XOM: give mutation
 20665 | D:11     | Gained mutation: You are frail. (-10% HP) [Xom's mischief]
 20684 | D:11     | XOM: divination: detect creatures
 20759 | D:12     | Lost mutation: Your body often deteriorates upon taking
                  | damage. [potion of mutation]
 20759 | D:12     | Lost mutation: You are frail. (-10% HP) [potion of
                  | mutation]
 20759 | D:12     | Lost mutation: Your mind is acute. (Int +4, Str/Dex -1)
                  | [potion of mutation]
 20759 | D:12     | Gained mutation: You are somewhat resistant to further
                  | mutation. [potion of mutation]
 20863 | D:12     | XOM: polymorph deep elf pyromancer -> naga
 20888 | D:12     | XOM: enchant monster (good)
 20902 | D:12     | XOM: cleaving
 21243 | D:12     | Found a staircase to the Orcish Mines.
 21494 | D:12     | XOM: cleaving
 21621 | D:12     | XOM: fog
 21685 | D:12     | XOM: god gift: scarf of shadows
 21841 | D:12     | XOM: god gift: 2 stones
 22133 | Orc:1    | Entered Level 1 of the Orcish Mines
 22137 | Orc:1    | XOM: confuse monster(s)
 22159 | Orc:1    | XOM: confuse monster(s)
 22161 | Orc:1    | XOM: cleaving
 22164 | Orc:1    | XOM: polymorph orc -> wyvern
 22176 | Orc:1    | XOM: repel stairs
 22189 | Orc:1    | Reached skill level 19 in Axes
 22196 | Orc:1    | Found a roughly hewn altar of Beogh.
 22265 | Orc:1    | XOM: give mutation
 22265 | Orc:1    | Gained mutation: You are dopey. (Int -2) [Xom's mischief]
 22345 | Orc:1    | Noticed Erica
 22346 | Orc:1    | XOM: summons 2 hostile demons
 22349 | Orc:1    | XOM: blink monster(s)
 22368 | Orc:1    | Killed Erica
 22498 | Orc:1    | XOM: summons 4 hostile shadow creatures
 22504 | Orc:1    | XOM: smoke on damage
 22511 | Orc:1    | XOM: stat loss: -1 Dex (9/11)
 22512 | Orc:1    | XOM: divination: magic mapping
 22830 | Orc:1    | XOM: 2-stop teleportation journey
 22873 | Orc:1    | XOM: 7-stop teleportation journey
 23007 | Orc:1    | XOM: give mutation
 23007 | Orc:1    | Gained mutation: Your natural rate of healing is unusually
                  | fast. [Xom's grace]
 23396 | D:12     | XOM: give mutations
 23396 | D:12     | Lost mutation: You are somewhat resistant to further
                  | mutation. [Xom's mischief]
 23396 | D:12     | Gained mutation: You have hidden genetic defects. [Xom's
                  | mischief]
 23396 | D:12     | Gained mutation: You sometimes lose your temper in combat.
                  | [Xom's mischief]
 23396 | D:12     | Lost mutation: Your natural rate of healing is unusually
                  | fast. [Xom's mischief]
 23396 | D:12     | Gained mutation: You do not regenerate when monsters are
                  | visible. [Xom's mischief]
 23440 | Orc:2    | Entered Level 2 of the Orcish Mines
 23440 | Orc:2    | Found a staircase to the Elven Halls.
 23571 | Orc:2    | XOM: enchant monster (bad)
 23671 | Orc:2    | XOM: divination: detect items
 23693 | Orc:2    | Lost intelligence.
 23696 | Orc:2    | XOM: divination: magic mapping
 23754 | Orc:2    | XOM: 1-stop teleportation journey
 23781 | Orc:2    | XOM: cloud trail
 23917 | Orc:2    | Noticed an orc warlord
 24024 | Orc:1    | XOM: noise
 24143 | Orc:1    | XOM: god gift: wand of polymorph (4)
 24197 | Orc:1    | XOM: give mutation
 24197 | Orc:1    | Lost mutation: You are dopey. (Int -2) [Xom's grace]
 24362 | Orc:1    | XOM: noise
 24367 | Orc:1    | HP: 8/186 [orc warlord/+3 great mace (12)]
 24369 | Orc:1    | Killed an orc warlord
 24375 | Orc:1    | XOM: noise
 24609 | Orc:1    | XOM: divination: detect creatures
 24610 | Orc:1    | XOM: divination: magic mapping
 24799 | Orc:2    | XOM: cast spell 'Summon Hydra'
 24820 | Orc:2    | XOM: summons 5 friendly demons
 24858 | Orc:2    | XOM: silly message
 25040 | Orc:2    | Found a roughly hewn altar of Beogh.
 25050 | Orc:2    | Found Didun's General Store.
 25050 | Orc:2    | Gained mutation: You are clumsy. (Dex -2) [hidden defects]
 25086 | Orc:2    | Found Fituargh's Book Emporium.
 25136 | Orc:2    | Bought a potion of heal wounds for 85 gold pieces
 25136 | Orc:2    | Bought a scroll of identify for 34 gold pieces
 25136 | Orc:2    | Bought a scroll of blinking for 127 gold pieces
 25307 | Orc:2    | XOM: enchant monster (good)
 25309 | Orc:2    | Paralysed by an orc sorcerer for 5 turns
 25418 | Orc:2    | XOM: cloud trail
 25498 | Orc:2    | XOM: noise
 25696 | Orc:2    | Found Ompuraff's Antique Weapon Emporium.
 25710 | Orc:2    | Found Wopnogep's Antique Armour Emporium.
 25718 | Orc:2    | Bought the +2 cloak of the Thief {*Fog Slay-2 SInv Stlth+}
                  | for 442 gold pieces
 25718 | Orc:2    | Found the +2 cloak of the Thief {*Fog Slay-2 SInv Stlth+}
 25790 | Orc:2    | Found a roughly hewn altar of Beogh.
 25795 | Orc:2    | Reached XP level 15. HP: 130/130 MP: 14/14
 26117 | Spider:1 | Entered Level 1 of the Spider Nest
 26340 | Lair:3   | XOM: confusion (+ monsters)
 26569 | Lair:3   | XOM: cloud trail
 26671 | Spider:1 | XOM: enchant monster (bad)
 26678 | Spider:1 | XOM: enchant monster (bad)
 26889 | Spider:1 | XOM: swap monsters
 26912 | Spider:1 | HP: 6/130 [burnt (8)]
 26913 | Spider:1 | Incinerated by a sun moth

Illustrated notes

Levels and vault maps discovered:
D:1:      wheals_arrival_shading, layout_rooms, ebering_ecumenical_altar_mist,
          chequers_hall_statues_corner_a
D:2:      layout_basic
D:3:      layout_rooms
D:4:      layout_cave_pools, nicolae_elyvilon_peaceful_grove,
          minmay_ruined_shrine, uniq_duvessa, uniq_blork_the_orc, uniq_robin
D:5:      layout_loops_cross, portal_sewer_entry_f, minmay_fire_ice_demons
D:6:      layout_rooms, minmay_temple_entry_oklob
D:7:      layout_basic, mainiacjoe_overflow_big_doors, minmay_misc_feat_alley,
          uniq_maggie
D:8:      layout_cave_pools
D:9:      layout_big_octagon, old_standard_altar, nicolae_shop_self_help,
          uniq_pikel, uniq_joseph
D:10:     layout_basic, mainiacjoe_overflow_swirl, david_lair_generic,
          nicolae_zig_zag_zippers, uniq_josephine, uniq_fannar, uniq_nergalle
D:11:     layout_cave_pods, serial_shops, nicolae_lakefront_shop
D:12:     layout_small_grid, david_orc_1_choice
Temple:   nicolae_temple_elliptical
Lair:1:   beast_lair_carwin_large_3, layout_small_grid, serial_bayou_shore_a
Lair:2:   layout_chaotic_city
Lair:3:   layout_roguey, minmay_shoals_entry_lonely_mermaid,
          nicolae_spider_entry_orb_guardian, minivault_26, uniq_sonja, uniq_urug
Lair:4:   layout_roguey, minmay_slime_entry_pillars, gauntlet_entry_generic,
          gammafunk_ghost_wrathful_warriors
Lair:5:   hangedman_lair_in_review, layout_concentric_octagons,
          nicolae_lair_liquid_snakes
Spider:1: nicolae_spider_mines_2, hangedman_spider_tarantella_strand
Orc:1:    layout_caves, basic_altar, uniq_erica
Orc:2:    grunt_orc_cross, layout_caves, nicolae_orc_seminary

Skill      XL: |  1  2  3  4  5  6  7  8  9 10 11 12 13 14 15 |
---------------+----------------------------------------------+-----
Axes           | 4 5 6 8 9 10 12 14 15 17 18 19 | 19.6
Armour         | 3 5 8 9 10 12 13 | 13.1
Throwing       | 3 5 6 8 |  8.1
Dodging        | 4 6 7 9 |  9.2
Evocations     | 3 5 6 7 9 |  9.3
Fighting       | 7 9 10 11 | 11.5
Shields        | 3 5 7 8 9 |  9.0

Action                     |  1- 3 |  4- 6 |  7- 9 | 10-12 | 13-15 || total
---------------------------+-------+-------+-------+-------+-------++-------
  Melee: Hand axe          |    77 |    92 |   189 |       |       ||   358
         Headbutt          |     5 |    15 |    64 |   114 |   278 ||   476
         War axe           |       |       |   143 |   411 |  1146 ||  1700
         Battleaxe         |       |       |    32 |    88 |       ||   120
         Eveningstar       |       |       |       |     5 |    25 ||    30
  Throw: Boomerang         |       |     5 |     5 |       |    56 ||    66
         Throwing net      |       |     1 |       |       |     1 ||     2
         Dart              |       |       |     3 |    46 |       ||    49
  Evoke: Wand              |       |       |       |     7 |    14 ||    21
         Phantom mirror    |       |       |       |       |     2 ||     2
         Phial of floods   |       |       |       |       |     1 ||     1
    Use: Scroll            |       |     6 |    13 |     3 |    26 ||    48
         Potion            |       |     2 |     4 |     1 |    23 ||    30
   Stab: Distracted        |       |     2 |       |     2 |       ||     4
         Held in net/web   |       |     3 |       |       |       ||     3
         Confused          |       |       |     1 |       |     7 ||     8
         Invisible         |       |       |       |     5 |     4 ||     9
         Petrified         |       |       |       |     2 |    15 ||    17
         Petrifying        |       |       |       |       |     3 ||     3
         Paralysed         |       |       |       |       |     2 ||     2
 Armour: Leather armour    |    51 |    52 |   129 |       |       ||   232
         Steam dragon scal |       |       |    92 |     2 |       ||    94
         Ring mail         |       |       |       |   228 |       ||   228
         Plate armour      |       |       |       |    90 |    71 ||   161
         Scale mail        |       |       |       |       |   526 ||   526
         Chain mail        |       |       |       |       |    65 ||    65
         Skin              |       |       |       |       |    16 ||    16
  Dodge: Dodged            |    45 |    54 |   241 |   342 |  1016 ||  1698
         Repelled          |       |     1 |     2 |     2 |    20 ||    25
  Block: Buckler           |       |       |       |    82 |   355 ||   437
         Reflection        |       |       |       |       |     9 ||     9

Table legend: (Time is in decaauts)
 A = Elapsed time spent in this place.
 B = Non-inter-level travel time spent in this place.
 C = Inter-level travel time spent in this place.
 D = Time resting spent in this place.
 E = Time spent auto-exploring this place.
 F = Levels seen in this place.
 G = Mean time per level.
                   A        B        C        D        E       F      G
               +--------+--------+--------+--------+--------+-----+--------+
         Total |  26568 |  24852 |   1716 |   1260 |  19063 |  23 | 1155.1 |
       Dungeon |  11268 |  10376 |    892 |    286 |   8153 |  12 |  939.0 |
        Temple |      1 |      1 |      0 |      0 |      0 |   1 |    1.0 |
          Lair |  10014 |   9244 |    770 |    392 |   7365 |   5 | 2002.8 |
   Spider Nest |    327 |    325 |      2 |    162 |     66 |   1 |  327.0 |
  Orcish Mines |   3609 |   3558 |     51 |    278 |   2660 |   2 | 1804.5 |
         Sewer |    480 |    480 |      0 |      0 |    332 |   1 |  480.0 |
      Gauntlet |    866 |    866 |      0 |    140 |    485 |   1 |  866.0 |
               +--------+--------+--------+--------+--------+-----+--------+

Top non-repeatable levels by time:
  Lair:4: 2517 daAuts
  Lair:1: 2317 daAuts
  Lair:5: 2180 daAuts
   Orc:1: 2144 daAuts
    D:10: 1693 daAuts
  Lair:3: 1604 daAuts
   Orc:2: 1465 daAuts
    D:12: 1461 daAuts
  Lair:2: 1395 daAuts
    D:11: 1265 daAuts
     D:5: 1082 daAuts
     D:6: 933 daAuts
     D:9: 930 daAuts
Gauntlet: 866 daAuts
     D:7: 795 daAuts
